 Dungeon Crawl Stone Soup version 0.29-a0-821-g66395355a5 (webtiles) character file.

Game seed: 16464749276142611558

3085 jimonade the Thaumaturge (level 10, -2/67 HPs)
             Began as a Djinni Necromancer on July 7, 2022.
             Was an Elder of Dithmenos.
             Slain by a sky beast (6 damage)
             ... on level 7 of the Dungeon.
             The game lasted 00:34:45 (10747 turns).

jimonade the Thaumaturge (Djinni Necromancer)      Turns: 10747, Time: 00:34:47

Health: -2/67      AC:  3    Str: 11    XL:     10   Next: 12%
Gold:   410        EV: 13    Int: 22    God:    Dithmenos [****..] SH:  5 Dex: 15

rFire   + + +      SeeInvis .   k - +1 spear (vorpal)
rCold   x . .      Faith    .   (no shield)
rNeg    . . .      Spirit   .   a - +0 robe
rPois   ∞          Reflect  +   (no helmet)
rElec   .          Harm     .   (no cloak)
rCorr   .          Rampage  .   s - +0 pair of gloves
Will    +....                   (boots unavailable)
Stlth   +++.......              f - amulet of reflection
HPRegen 0.21/turn               p - ring of protection from fire
MPRegen 0.00/turn               y - +6 ring of intelligence

@: animating dead, flying, wreathed by umbra
A: sickness immunity, fire resistance 2, cold vulnerability 1, float, innate
caster, HP casting, extra vitality 1
a: Renounce Religion, Shadow Step


You were on level 7 of the Dungeon.
You worshipped Dithmenos.
Dithmenos was greatly pleased with you.
You visited 1 branch of the dungeon, and saw 7 of its levels.

You collected 410 gold pieces.

Inventory:

Hand Weapons
 d - a +0 sling
 k - a +1 vorpal spear (weapon)
 x - a +1 dagger of speed
 H - a +0 trident
 J - a +1 dagger of venom
 L - the +1 short sword of Salt {flame, Int+4 SInv}
   (You found it on level 5 of the Dungeon)

   It burns those it strikes, dealing additional fire damage.
   Int:       It affects your intelligence (+4).
   SInv:      It lets you see invisible.
 O - a +2 dagger of electrocution
Missiles
 c - 51 stones
 j - 18 poisoned darts
 M - 3 boomerangs
 P - 2 datura-tipped darts
Armour
 a - a +0 robe (worn)
 l - a +0 ring mail
 m - a +0 scale mail
 o - a +0 buckler
 s - a +0 pair of gloves (worn)
 G - the +10 plate armour of Honour {rF++}
   (You found it on level 4 of the Dungeon)

   rF:        It greatly protects you from fire.
 N - a +0 chain mail
Magical Staves
 w - a staff of poison
Jewellery
 f - an amulet of reflection (around neck)
 p - a ring of protection from fire (left hand)
 y - a +6 ring of intelligence (right hand)
 I - the ring of Ciwykk {Fire rCorr}
   (You found it on level 5 of the Dungeon)

   [ring of fire]

   It enhances your fire magic.
   rF:        It protects you from fire.
   rC:        It makes you vulnerable to cold.
   rCorr:     It protects you from acid and corrosion.
Wands
 q - a wand of flame (12)
Scrolls
 e - 6 scrolls of identify {unknown}
 t - 3 scrolls of vulnerability {unknown}
 B - 3 scrolls of teleportation {unknown}
 E - a scroll of enchant armour {unknown}
 F - a scroll of blinking {unknown}
Potions
 b - a potion of might {unknown}
 g - a potion of brilliance {unknown}
 h - 2 potions of lignification {unknown}
 i - 7 potions of attraction {unknown}
 n - 3 potions of heal wounds {unknown}
 r - 2 potions of flight {unknown}
 u - 3 potions of resistance {unknown}
 v - a potion of curing {unknown}
 z - a potion of haste {unknown}
 A - 2 potions of degeneration {unknown}
 C - a potion of ambrosia {unknown}
 K - a potion of mutation {unknown}


   Skills:
 * Level 4.1 Fighting
 - Level 0.4 Polearms
 + Level 3.7 Dodging
 - Level 1.5 Stealth
 + Level 1.8 Shields
 * Level 10.0 Spellcasting


You had 6 spell levels left.
You knew the following spells:

 Your Spells              Type           Power      Damage    Failure   Level
a - Necrotise             Necr           100%       1d9       1%          1
b - Vampiric Draining     Necr           53%        2d9       1%          3
c - Animate Dead          Necr           53%        N/A       1%          4
d - Agony                 Necr           53%        N/A       2%          5
e - Apportation           Tloc           100%       N/A       1%          1
f - Blink                 Tloc           100%       N/A       1%          2
g - Teleport Other        Tloc           53%        N/A       1%          3
h - Ice Form              Ice/Tmut       53%        N/A       1%          4
Your spell library was empty.

Dungeon Overview and Level Annotations

Branches:
Dungeon (7/15)             Temple (0/1) D:7

Altars:
Dithmenos
Hepliaklqana
Trog
The Shining One


Innate Abilities, Weirdness & Mutations

You are immune to sickness and miasma.
You are immune to poison.
Your flesh is very heat resistant. (rF++)
You are vulnerable to cold. (rC-)
You float through the air rather than walking.
You learn spells naturally, not from books.
Your magical power is your life essence.
You have superior vitality. (+4 MHP)


Message History

Aiming: Vampiric Draining (safe; 1% risk of failure)
Press: ? - help, Shift-Dir - straight line, f - sky beast, p - orc warrior
Aim: a sky beast (rain, umbra)
You draw life force from the sky beast.
You feel life coursing into your body.
Your shadow mimicks your spell!
Your shadow draws life force from the sky beast!
Your shadow is healed by the life force!
* * * LOW HITPOINT WARNING * * *
The orc warrior barely misses your howler monkey zombie.
The sky beast hits you but does no damage.
The howler monkey hits your howler monkey zombie.
Your howler monkey zombie closely misses the orc warrior.
Your gnoll sergeant zombie hits the orc warrior but does no damage.
Casting: Vampiric Draining (safe; 1% risk of failure)
Confirm with . or Enter, or press ? or * to list all spells.
Aiming: Teleport Other (safe; 1% risk of failure)
Press: ? - help, Shift-Dir - straight line, f/p - sky beast
Aim: a sky beast (moderately wounded, umbra, chance to affect: 81%)
The sky beast looks slightly unstable.
* * * LOW HITPOINT WARNING * * *
The orc warrior hits your gnoll sergeant zombie with a +0 mace!!
Your gnoll sergeant zombie is destroyed!
The sky beast closely misses you.
The howler monkey hits your howler monkey zombie.
Your howler monkey zombie closely misses the howler monkey.
Casting: Teleport Other (safe; 1% risk of failure)
Confirm with . or Enter, or press ? or * to list all spells.
Aiming: Vampiric Draining (safe; 1% risk of failure)
Press: ? - help, Shift-Dir - straight line, f/p - sky beast
Aim: a sky beast (moderately wounded, umbra)
You draw life force from the sky beast.
You feel life coursing into your body.
The orc warrior shouts!
* * * LOW HITPOINT WARNING * * *
The orc warrior throws a stone.
The stone barely misses you.
The stone closely misses the sky beast.
The howler monkey hoots and howls with incredible vigour!
The sky beast hits you.
* * * LOW HITPOINT WARNING * * *
The sky beast shocks you.
You die...

♣♣....♣.♣....♣♣ #..
#####♣.♣##### #..
♣♣♣♣♣♣...♣♣♣♣♣♣###..
#♣.♣.♣.≈≈).♣.♣.♣#....
#.....)≈≈≈......#....
#♣.♣.♣.≈≈≈.♣.♣.♣#....
♣♣♣♣♣♣...♣♣♣♣♣♣###..
#########.###### #.. .
#Zo.[@Y.......... #..
....#####h#####.......###
.... #.........#
.........# ###..
#...####.####.........#
...
#.....##.#............#
#.....h.............
..####.#h##...##.#####
..........##...##.#
########....o.....


You could see an orc warrior, a sky beast, a howler monkey (catching breath,
ally target) and a friendly howler monkey zombie.

Vanquished Creatures
  A slime creature (D:7)
  A water moccasin (D:7)
  An orc warrior (D:7)
  5 sky beasts
  3 black bears
  2 ogres
  A gnoll sergeant (D:7)
  3 bullfrogs (D:7)
  4 necrophages
  2 scorpions
  4 orc priests
  5 hounds
  A jelly (D:6)
  2 gnoll boudas
  An iguana (D:4)
  10 orc wizards
  Natasha (thrice) (D:2)
  6 gnolls
  10 adders
  2 white imps
  An ufetubus (D:4)
  5 worms
  A dart slug (D:4)
  28 orcs
  4 bats
  7 endoplasms
  3 giant cockroaches
  4 goblins
  6 hobgoblins
  A jackal (D:5)
  5 kobolds
  A quokka (D:1)
  8 ball pythons
  6 frilled lizards
147 creatures vanquished.

Vanquished Creatures (collateral kills)
  A bullfrog (D:7)
  3 howler monkeys (D:7)
  An orc wizard (D:6)
  An ufetubus (D:6)
  A worm (D:5)
  A dart slug (D:4)
  7 orcs
  2 jackals (D:5)
  A rat (D:2)
18 creatures vanquished.

Vanquished Creatures (others)
  A water moccasin zombie (D:7)
  A black bear zombie (D:5)
  A bullfrog zombie (D:7)
  An ogre zombie (D:6)
  2 hound zombies
  A howler monkey zombie (D:7)
  2 adder zombies
  2 gnoll zombies
  19 orc zombies
  8 withered plants (D:6)
38 creatures vanquished.

Grand Total: 203 creatures vanquished

Notes
Turn   | Place    | Note
-------+----------+-------------------------------------------
     0 | D:1      | jimonade the Djinni Necromancer began the quest for the
                  | Orb.
     0 | D:1      | jimonade set off with the following spells memorised:
                  | Necrotise, Vampiric Draining, Animate Dead, Agony.
     0 | D:1      | Reached XP level 1. HP: 15/15 MP: 0/0
   107 | D:1      | Found a faded altar of an unknown god.
   365 | D:1      | Prayed at the altar of an unknown god.
   365 | D:1      | Became a worshipper of Dithmenos the Shadowed
   365 | D:1      | Reached * piety under Dithmenos
   566 | D:1      | Reached XP level 2. HP: 13/21 MP: 0/0
  1691 | D:2      | Noticed Natasha
  1699 | D:2      | Killed Natasha
  1700 | D:2      | Reached skill level 4 in Spellcasting
  1700 | D:2      | Reached XP level 3. HP: 20/26 MP: 0/0
  1700 | D:2      | Learned a level 1 spell: Apportation
  1922 | D:2      | Noticed Natasha
  1934 | D:2      | Reached XP level 4. HP: 26/31 MP: 0/0
  1956 | D:2      | Killed Natasha
  1957 | D:2      | Reached skill level 1 in Shields
  1965 | D:2      | Noticed Natasha
  1971 | D:2      | Killed Natasha
  1972 | D:2      | Reached XP level 5. HP: 2/36 MP: 0/0
  1972 | D:2      | Learned a level 2 spell: Blink
  3312 | D:3      | Found a hazy altar of Hepliaklqana.
  3313 | D:3      | Found a shadowy altar of Dithmenos.
  3313 | D:3      | Noticed a shadow
  3664 | D:3      | Reached skill level 5 in Spellcasting
  3664 | D:3      | Reached XP level 6. HP: 34/41 MP: 0/0
  3891 | D:3      | Reached ** piety under Dithmenos
  4040 | D:3      | Noticed a sky beast
  4047 | D:3      | Killed a sky beast
  4048 | D:3      | Reached skill level 1 in Fighting
  5047 | D:4      | Identified the +10 plate armour of Honour {rF++}
  5240 | D:4      | Reached XP level 7. HP: 3/47 MP: 0/0
  5240 | D:4      | Learned a level 3 spell: Teleport Other
  5833 | D:4      | Reached skill level 6 in Spellcasting
  6222 | D:4      | Found a glowing golden altar of the Shining One.
  6460 | D:5      | Entered Level 5 of the Dungeon
  6662 | D:5      | Identified the ring of Ciwykk {Fire rCorr}
  6744 | D:5      | Reached XP level 8. HP: 39/54 MP: 0/0
  7100 | D:5      | Reached *** piety under Dithmenos
  7176 | D:5      | Identified the +1 short sword of Salt {flame, Int+4 SInv}
  7220 | D:5      | Reached skill level 7 in Spellcasting
  8264 | D:6      | Found a bloodstained altar of Trog.
  8474 | D:6      | Reached skill level 8 in Spellcasting
  8480 | D:6      | Reached XP level 9. HP: 54/60 MP: 0/0
  8480 | D:6      | Learned a level 4 spell: Ice Form
  9658 | D:7      | Reached skill level 9 in Spellcasting
  9666 | D:7      | Reached **** piety under Dithmenos
 10152 | D:7      | Noticed a slime creature
 10158 | D:7      | Killed a slime creature
 10635 | D:7      | Reached XP level 10. HP: 60/67 MP: 0/0
 10690 | D:7      | Found a staircase to the Ecumenical Temple.
 10731 | D:7      | Reached skill level 10 in Spellcasting
 10747 | D:7      | Slain by a sky beast

Illustrated notes

Levels and vault maps discovered:
D:1:      onia_arrival_mini_maze, layout_loops_cross,
          shapermc_ecumenical_altar_pompeii
D:2:      layout_basic, uniq_natasha
D:3:      layout_basic, riverfiend_overflow_shadow_ancestor,
          nicolae_vehumet_radiance, nrook_uturn
D:4:      layout_gridville, mainiacjoe_overflow_alcove_4
D:5:      layout_loops_ring
D:6:      layout_basic, kiku_gazebo_garden_becter, trog_ov_bears_minmay,
          st_stairs_10
D:7:      nzn_winding_woodlands_three_and_one [nzn_winding_woodlands_5x15_pool,
          nzn_winding_woodlands_5x15_parted, nzn_winding_woodlands_5x15_jagged,
          nzn_winding_woodlands_center_pierced_h], layout_loops_cross,
          nicolae_yredelemnul_ghost_church, minmay_temple_entry_stoned_glass

Skill      XL: |  1  2  3  4  5  6  7  8  9 10 |
---------------+-------------------------------+-----
Spellcasting   | 4 5 6 8 9 10 | 10.0
Shields        | 1 |  1.8
Fighting       | 1 2 3 4 |  4.1
Dodging        | 3 |  3.7
Polearms       | |  0.4
Stealth        | |  1.5

Action                   |  1- 3 |  4- 6 |  7- 9 | 10-12 || total
-------------------------+-------+-------+-------+-------++-------
Melee: Dagger            |       |     8 |   106 |    11 ||   125
       Whip              |       |     2 |       |       ||     2
       Punch             |       |     1 |     4 |       ||     5
       Trident           |       |       |    50 |       ||    50
       Spear             |       |       |       |     5 ||     5
 Cast: Necrotise         |    55 |   109 |   102 |       ||   266
       Vampiric Draining |       |     4 |    82 |    10 ||    96
       Animate Dead      |       |     1 |    25 |     1 ||    27
       Teleport Other    |       |       |     1 |     1 ||     2
Armor: Robe              |     5 |     5 |    34 |     5 ||    49
Dodge: Dodged            |    18 |    22 |   104 |    21 ||   165
Block: Other             |     7 |    11 |    44 |     5 ||    67
       Reflection        |       |       |     1 |     1 ||     2

Table legend: (Time is in decaauts)
 A = Elapsed time spent in this place.
 B = Non-inter-level travel time spent in this place.
 C = Inter-level travel time spent in this place.
 D = Time resting spent in this place.
 E = Time spent auto-exploring this place.
 F = Levels seen in this place.
 G = Mean time per level.
                   A        B        C        D        E       F      G
               +--------+--------+--------+--------+--------+-----+--------+
         Total |  10776 |  10480 |    296 |   2045 |   6447 |   7 | 1539.4 |
       Dungeon |  10776 |  10480 |    296 |   2045 |   6447 |   7 | 1539.4 |
               +--------+--------+--------+--------+--------+-----+--------+

Top non-repeatable levels by time:
     D:1: 1708 daAuts
     D:3: 1690 daAuts
     D:5: 1604 daAuts
     D:4: 1564 daAuts
     D:2: 1527 daAuts
     D:6: 1478 daAuts
     D:7: 1203 daAuts
